 Dungeon Crawl Stone Soup version 0.30-a0-4-ga7cffc901d (webtiles) character file.

Game seed: 12600381093688973013

6227 wingedge the Thaumaturge (level 10, -1/76 HPs)
             Began as a Mummy Conjurer on Aug 21, 2022.
             Was an Initiate of Gozag.
             Engulfed by an ice statue's freezing vapour (14 damage)
             ... on level 8 of the Dungeon.
             The game lasted 00:57:31 (11364 turns).

wingedge the Thaumaturge (Mummy Conjurer)          Turns: 11364, Time: 00:57:32

Health: -1/76      AC: 15    Str:  8    XL:     10   Next: 61%
Magic:  1/24       EV: 10    Int: 29    God:    Gozag
Gold:   515        SH:  0    Dex: 11    Spells: 13/29 levels left

rFire   + + .      SeeInvis .    x - +6 mace of Midnight {protect, rF++ Str-5 Int+4}
rCold   + . .      Faith    .    (no shield)
rNeg    + + +      Spirit   .    p - +0 ring mail
rPois   ∞          Reflect  .    k - +2 helmet
rElec   .          Harm     .    u - scarf {repulsion}
rCorr   .          Rampage  .    m - +1 pair of gloves
Will    +....                    (no boots)
Stlth   +.........               (no amulet)
HPRegen 0.22/turn                d - ring "Ruoqit" {rF+ Int+6}
MPRegen 0.19/turn                r - +4 ring of protection

@: very slightly contaminated, repel missiles
A: cold resistance 1, negative energy resistance 3, torment resistance 2, heat
vulnerability 1, in touch with death 1, no potions
a: Renounce Religion, Potion Petition, Call Merchant, Bribe Branch


You were on level 8 of the Dungeon.
You worshipped Gozag.
Gozag was pleased with you.
You visited 2 branches of the dungeon, and saw 11 of its levels.

You collected 1058 gold pieces.
You spent 135 gold pieces at shops.
You paid 408 gold pieces to Gozag.

Inventory:

Hand Weapons
 a - the +6 rapier of Demonkind {elec, rPois rC- Int+4 Stlth+}
   (You took it off an orc on level 5 of the Dungeon)

   It occasionally discharges a powerful burst of electricity upon striking a
   foe.
   Int:       It affects your intelligence (+4).
   rC:        It makes you vulnerable to cold.
   rPois:     It protects you from poison.
   Stlth:     It makes you more stealthy.
 b - a +4 shortbow
 x - the +6 mace of Midnight (weapon) {protect, rF++ Str-5 Int+4}
   (You found it on level 7 of the Dungeon)

   It grants its wielder temporary protection when it strikes (+7 to AC).
   Str:       It affects your strength (-5).
   Int:       It affects your intelligence (+4).
   rF:        It greatly protects you from fire.
Armour
 k - a +2 helmet (worn)
 m - a +1 pair of gloves (worn)
 p - a +0 ring mail (worn)
 u - a scarf of repulsion (worn)
Jewellery
 d - the ring "Ruoqit" (left hand) {rF+ Int+6}
   (You found it on level 4 of the Dungeon)

   [ring of intelligence]

   Int:       It affects your intelligence (+6).
   rF:        It protects you from fire.
 f - a ring of willpower
 r - a +4 ring of protection (right hand)
Wands
 q - a wand of polymorph (6)
 v - a wand of iceblast (1)
Scrolls
 c - 3 scrolls of identify
 e - a scroll of poison
 g - 6 scrolls of teleportation
 h - 2 scrolls of immolation
 i - 3 scrolls of amnesia
 j - a scroll of magic mapping
 l - a scroll of fog
 n - a scroll of enchant weapon
 s - a scroll of blinking
 y - a scroll of silence
 z - 2 scrolls of vulnerability


   Skills:
 - Level 6.0 Fighting
 - Level 4.0 Short Blades
 - Level 4.0 Armour
 + Level 3.0 Dodging
 - Level 2.0 Stealth
 - Level 10.0 Spellcasting
 - Level 5.0 Conjurations
 - Level 5.0 Hexes
 - Level 3.0 Summonings
 - Level 2.0 Translocations
 - Level 2.0 Air Magic
 - Level 2.0 Poison Magic
 - Level 2.0 Evocations


You had 13 spell levels left.
You knew the following spells:

 Your Spells              Type           Power      Damage    Failure   Level
a - Magic Dart            Conj           100%       1d8       1%          1
b - Searing Ray           Conj           86%        2d7       1%          2
c - Fulminant Prism       Conj/Hex       21%        3d13      13%         4
d - Iskenderun's Mystic   Conj/Tloc      34%        2d8       24%         4
e - Call Imp              Summ           31%        N/A       4%          2
f - Mephitic Cloud        Conj/Pois/Air  31%        N/A       9%          3

Your spell library contained the following spells:

 Spells                   Type           Power      Damage    Failure   Level
 Dazzling Flash           Conj/Hex       86%        N/A       4%          3
 Conjure Flame            Conj/Fire      29%        6-21      11%         3
 Ignite Poison            Fire/Tmut/Pois 18%        N/A       24%         3
 Anguish                  Hex/Necr       21%        N/A       36%         4
 Sticky Flame             Conj/Fire      29%        2d5       36%         4
 Enfeeble                 Hex            21%        N/A       100%        7


Dungeon Overview and Level Annotations

Branches:
Dungeon (10/15)            Temple (1/1) D:6            Lair (0/5) D:9
    Orc: D:9-12

Altars:
Ashenzari
Cheibriados
Fedhas
Gozag
Hepliaklqana
Kikubaaqudgha
Makhleb
Nemelex Xobeh
Okawaru
Qazlal
Ru
Sif Muna
Trog
Uskayaw
Vehumet
Wu Jian
Xom
Yredelemnul

Shops:
D:4 ?**   D:5 [

Annotations:
D:8 exclusion: ice statue


Innate Abilities, Weirdness & Mutations

You are immune to poison.
Your flesh is cold resistant. (rC+)
You are immune to negative energy. (rN+++)
You are immune to unholy pain and torment.
You are vulnerable to heat. (rF-)
You are in touch with the powers of death.
You do not drink.


Message History

Unknown command.
Unknown command.
You are engulfed in freezing vapours.
You resist. The ice statue gestures at you. The shard of ice hits you!
You partially resist.
Your fulminant prism explodes!
The blast of energy engulfs the ice statue!!
The ice statue is severely damaged.
Your fulminant prism crackles loudly.
Unknown command.
Casting: Fulminant Prism (dangerous; 13% risk of failure)
Confirm with . or Enter, or press ? or * to list all spells.
Aiming: Fulminant Prism (dangerous; 13% risk of failure)
Press: ? - help, Dir - move target You miscast Fulminant Prism.
Nothing appears to happen.
You are engulfed in freezing vapours.
You resist. The ice statue gestures at you. The freezing blast engulfs you!
You resist.
* * * LOW HITPOINT WARNING * * *
Your fulminant prism explodes!
The blast of energy engulfs the ice statue.
The ice statue is severely damaged.
Unknown command.
Casting: Fulminant Prism (dangerous; 13% risk of failure)
Confirm with . or Enter, or press ? or * to list all spells.
Aiming: Fulminant Prism (dangerous; 13% risk of failure)
Press: ? - help, Dir - move target You conjure a prism of explosive energy!
A fulminant prism comes into view.
You are engulfed in freezing vapours.
You resist.
* * * LOW HITPOINT WARNING * * *
Unknown command.
Unknown command.
Really walk into that cloud of freezing vapour?
Okay, then.
Unknown command.
Really walk into that cloud of freezing vapour?
You are engulfed in freezing vapours.
You resist.
You die...
Your body crumbles into a pile of gold.

....####..# ##......##.~♣~≈≈≈
......#..# #$##......#.♣~~≈≈≈
........# ##...##..#[.#.~~~≈≈≈
PP.[..### ##.*8☼?##.[#.).♣♣~~~≈
.P.♣..#.# ##☼☼○°.##..###).♣♣~~≈≈
..♣♣...# ## ##..§☼☼##....###.♣♣~~♣≈
.......##.###..°○.##....## #.<~~P~P
......##.........##..##.####..~P~~♣
..##.............@...#####.##.♣~~♣~
#...#.......####.#....#.#.....~~~PP
....#.......# ##.............#~~~~
#..........#####........###.#..P♣♣~
..../<......#.....#.....###..#.#♣ ♣
.............>.##.#..##......#...
..........#......##..#......#####.
...)..............#.#.......# .
.....###..#..#..#...#....####


There were no monsters in sight!

Vanquished Creatures
  A two-headed ogre (D:8)
  The ghost of ytrimaz the Changer, a novice OpTm (D:6)
  Psyche (D:8)
  A troll (D:10)
  Prince Ribbit (D:7)
  4 wyverns
  3 yaks
  2 steam dragons (D:7)
  2 basilisks (D:9)
  2 water moccasins (D:9)
  An ice beast (D:5)
  An orc warrior (D:8)
  3 ogres
  A black bear (D:4)
  4 sky beasts
  3 wolves (D:9)
  2 centaurs
  A bullfrog (D:7)
  A necrophage (D:5)
  3 scorpions
  2 howler monkeys (D:7)
  4 jellies
  6 electric eels (D:8)
  2 hounds (D:6)
  4 orc priests
  8 iguanas
  5 orc wizards
  11 adders
  A gnoll (D:7)
  A shadow imp (D:7)
  2 white imps
  An ufetubus (D:5)
  2 dart slugs
  18 orcs
  7 ball pythons
  An endoplasm (D:1)
  7 goblins
  7 hobgoblins
  5 jackals
  4 quokkas
  2 bats
  3 kobolds
  4 rats
145 creatures vanquished.

Vanquished Creatures (collateral kills)
  A water moccasin (D:9)
  A hound (D:5)
  An orc (D:10)
3 creatures vanquished.

Vanquished Creatures (others)
  A water moccasin (D:9)
  69 fulminant prisms
  6 fungi (D:9)
  36 plants
112 creatures vanquished.

Grand Total: 260 creatures vanquished

Notes
Turn   | Place    | Note
-------+----------+-------------------------------------------
     0 | D:1      | wingedge the Mummy Conjurer began the quest for the Orb.
     0 | D:1      | Reached XP level 1. HP: 13/13 MP: 4/4
    60 | D:1      | Reached skill level 3 in Spellcasting
   314 | D:1      | Reached skill level 1 in Fighting
   721 | D:1      | Found a faded altar of an unknown god.
   902 | D:2      | Reached XP level 2. HP: 20/21 MP: 0/6
   965 | D:1      | Learned a level 2 spell: Searing Ray
  1264 | D:2      | Reached skill level 4 in Spellcasting
  1364 | D:2      | Gained mutation: You are in touch with the powers of death.
                  | [Mummy growth]
  1364 | D:2      | Reached XP level 3. HP: 17/26 MP: 1/8
  2326 | D:2      | Reached skill level 5 in Spellcasting
  2326 | D:2      | Reached XP level 4. HP: 32/32 MP: 1/11
  3476 | D:3      | Reached skill level 1 in Hexes
  3844 | D:4      | Found Odabypus's General Store.
  3845 | D:4      | Found Gouvid's Specific Store.
  3881 | D:4      | Identified the ring "Ruoqit" {rF+ Int+6}
  3926 | D:4      | Noticed an ogre
  3973 | D:3      | Reached XP level 5. HP: 38/38 MP: 9/13
  4170 | D:4      | Killed an ogre
  4171 | D:4      | Reached skill level 6 in Spellcasting
  4376 | D:4      | Noticed a black bear
  4486 | D:4      | Killed a black bear
  4487 | D:4      | Reached XP level 6. HP: 41/47 MP: 6/15
  4551 | D:4      | Learned a level 4 spell: Fulminant Prism
  4556 | D:4      | Learned a level 4 spell: Iskenderun's Mystic Blast
  4589 | D:4      | Found Tanaq's Magic Scroll Shop.
  4727 | D:4      | Bought a scroll of enchant armour for 75 gold pieces
  4727 | D:4      | Bought 2 scrolls of identify for 40 gold pieces
  4730 | D:4      | Bought a scroll of identify for 20 gold pieces
  5086 | D:5      | Entered Level 5 of the Dungeon
  5169 | D:5      | Reached skill level 7 in Spellcasting
  5169 | D:5      | Reached XP level 7. HP: 52/52 MP: 6/17
  5502 | D:5      | Learned a level 2 spell: Call Imp
  5565 | D:5      | Identified the +6 rapier of Demonkind {elec, rPois rC-
                  | Int+4 Stlth+}
  5845 | D:5      | Reached skill level 1 in Summonings
  5923 | D:5      | Learned a level 3 spell: Mephitic Cloud
  6150 | D:5      | Reached skill level 1 in Air Magic
  6174 | D:5      | Reached skill level 1 in Poison Magic
  6534 | D:5      | Found Hirchivi's Antique Armour Boutique.
  6747 | D:6      | Found a runed translucent gate.
  6747 | D:6      | Found a runed translucent gate.
  6747 | D:6      | Found a runed translucent gate.
  6761 | D:6      | Noticed ytrimaz's ghost (novice OpTm)
  6774 | D:6      | Killed ytrimaz's ghost
  6775 | D:6      | Reached skill level 1 in Translocations
  6775 | D:6      | Reached skill level 1 in Armour
  6775 | D:6      | Reached XP level 8. HP: 47/58 MP: 10/18
  7083 | D:6      | Reached skill level 1 in Short Blades
  7347 | D:6      | Found a staircase to the Ecumenical Temple.
  7352 | Temple   | Entered the Ecumenical Temple
  7455 | Temple   | Became a worshipper of Gozag Ym Sagoz the Greedy
  7709 | D:6      | Reached skill level 8 in Spellcasting
  7834 | D:6      | Found an iron altar of Okawaru.
  8273 | D:7      | Reached XP level 9. HP: 63/63 MP: 9/21
  8277 | D:7      | Reached skill level 5 in Hexes
  8850 | D:7      | Found a basalt altar of Yredelemnul.
  8891 | D:7      | Found a stormy altar of Qazlal.
  8896 | D:7      | Identified the +6 mace of Midnight {protect, rF++ Str-5
                  | Int+4}
  9022 | D:7      | Found a hide-covered altar of Uskayaw.
  9100 | D:7      | Noticed Prince Ribbit
  9100 | D:7      | You fall into a shaft and drop 3 floors!
  9100 | D:10     | Entered Level 10 of the Dungeon
  9181 | D:10     | Noticed a troll
  9189 | D:10     | Killed a troll
  9434 | D:9      | Reached skill level 9 in Spellcasting
  9435 | D:9      | Reached skill level 5 in Fighting
  9442 | D:9      | Reached skill level 1 in Evocations
  9452 | D:9      | Reached XP level 10. HP: 61/74 MP: 2/23
  9867 | D:9      | Found a broken altar of Ashenzari.
  9899 | D:9      | Found a staircase to the Lair.
 10083 | D:8      | Noticed a two-headed ogre
 10093 | D:8      | Killed a two-headed ogre
 10094 | D:8      | Reached skill level 10 in Spellcasting
 10127 | D:8      | Noticed Psyche
 10133 | D:8      | Killed Psyche
 10255 | D:8      | Identified the +6 whip of Boleg {flame, Fragile rPois rCorr
                  | Dex-4}
 10408 | D:7      | Killed Prince Ribbit
 10409 | D:7      | Reached skill level 5 in Conjurations
 10950 | D:8      | Noticed an ice statue
 11364 | D:8      | Engulfed by an ice statue's freezing vapour

Illustrated notes

Levels and vault maps discovered:
D:1:      dpeg_arrival_refuge, layout_basic, shapermc_ecumenical_altar_venn,
          kennysheep_flooded_box, chequers_jeans
D:2:      layout_basic, grunt_ministairs_6, kennysheep_minor_cross
D:3:      layout_loops_ring
D:4:      layout_loops_cross, serial_shops, shop_scrolls, nicolae_specific_store
D:5:      layout_basic, serial_shops, kennysheep_little_box, minmay_pentangle
D:6:      layout_basic, zin_academy, okawaru_trees_2, tso_oasis_becter,
          minmay_temple_entry_gardened_gates, ebering_ghost_rock_garden,
          dreamdust_wishing_well
D:7:      layout_basic, nicolae_qazlal_general_emergency,
          chequers_temple_overflow_statue_of_worship, hangedman_misty_isle,
          uniq_prince_ribbit1
D:8:      minmay_separated_statues, layout_cave_pools, serial_park,
          serial_park_tiny_2, serial_park_tiny_2, serial_bayou_lake_a,
          uniq_psyche
D:9:      layout_layer_cave, mainiacjoe_overflow_small_starburst,
          minmay_lair_entry_grove, david_orc_5, serial_shops, shop
D:10:     layout_grid_maze, mainiacjoe_overflow_tiny_flanked
Temple:   minmay_temple_curvy_branch

Skill      XL: |  1  2  3  4  5  6  7  8  9 10 |
---------------+-------------------------------+-----
Spellcasting   | 3 4 5 6 7 8 9 10 | 10.0
Fighting       | 1 2 3 5 6 |  6.0
Hexes          | 1 2 3 4 5 |  5.0
Dodging        | 2 3 |  3.0
Summonings     | 2 3 |  3.0
Air Magic      | 1 2 |  2.0
Poison Magic   | 1 2 |  2.0
Stealth        | 2 |  2.0
Conjurations   | 4 5 |  5.0
Translocations | 1 2 |  2.0
Armour         | 3 4 |  4.0
Short Blades   | 2 4 |  4.0
Evocations     | 2 |  2.0

Action                   |  1- 3 |  4- 6 |  7- 9 | 10-12 || total
-------------------------+-------+-------+-------+-------++-------
Melee: Spear             |     4 |     8 |       |       ||    12
       Club              |     1 |       |       |       ||     1
       Dagger            |       |       |    21 |       ||    21
       Rapier            |       |       |    27 |    27 ||    54
       Mace              |       |       |       |     1 ||     1
       Punch             |       |       |       |     1 ||     1
Throw: Dart              |       |     3 |       |       ||     3
 Cast: Magic Dart        |    41 |    44 |     1 |       ||    86
       Searing Ray       |    10 |    17 |    20 |     5 ||    52
       Fulminant Prism   |       |     3 |    42 |    25 ||    70
       Call Imp          |       |       |    10 |     3 ||    13
       Mephitic Cloud    |       |       |     4 |     9 ||    13
Invok: Potion Petition   |       |       |       |     1 ||     1
Evoke: Wand              |       |       |     5 |     2 ||     7
  Use: Scroll            |     4 |     8 |     7 |     3 ||    22
 Stab: Confused          |       |       |     1 |     2 ||     3
Armor: Robe              |     3 |       |       |       ||     3
       Leather armour    |       |     5 |    32 |     2 ||    39
       Ring mail         |       |       |       |    21 ||    21
Dodge: Dodged            |     5 |    12 |    29 |    16 ||    62
       Repelled          |       |       |     1 |       ||     1

Table legend: (Time is in decaauts)
 A = Elapsed time spent in this place.
 B = Non-inter-level travel time spent in this place.
 C = Inter-level travel time spent in this place.
 D = Time resting spent in this place.
 E = Time spent auto-exploring this place.
 F = Levels seen in this place.
 G = Mean time per level.
                   A        B        C        D        E       F      G
               +--------+--------+--------+--------+--------+-----+--------+
         Total |  11374 |  10939 |    435 |   4244 |   4374 |  11 | 1034.0 |
       Dungeon |  11111 |  10680 |    431 |   4244 |   4126 |  10 | 1111.1 |
        Temple |    262 |    258 |      4 |      0 |    248 |   1 |  262.0 |
               +--------+--------+--------+--------+--------+-----+--------+

Top non-repeatable levels by time:
     D:2: 2048 daAuts
     D:4: 1596 daAuts
     D:5: 1226 daAuts
     D:6: 1202 daAuts
     D:7: 1151 daAuts
     D:3: 1046 daAuts
     D:8: 1026 daAuts
     D:1: 830 daAuts
    D:10: 671 daAuts
     D:9: 310 daAuts
  Temple: 262 daAuts
